 Dungeon Crawl Stone Soup version 0.11.3 (console) character file.

84517 Lightli the Destroyer (level 15, -4/85 HPs)
             Began as a Deep Elf Stalker on July 4, 2022.
             Was a High Priest of Vehumet.
             Slain by a hill giant
             ... wielding a +0,+0 great mace
              (33 damage)
             ... on Level 13 of the Dungeon.
             The game lasted 02:23:11 (40230 turns).

Lightli the Destroyer (Deep Elf Stalker)           Turns: 40230, Time: 02:23:11

HP  -4/85        AC 12     Str  8      XL: 15   Next: 34%
MP  19/38        EV 20     Int 23      God: Vehumet [*****.]
Gold 1210        SH  0     Dex 18      Spells:  7 memorised,  9 levels left

Res.Fire  : . . .   See Invis. : +   a - +2 dagger (venom)
Res.Cold  : + . .   Warding    : .   y - +2 orc robe {MR}
Life Prot.: + . .   Conserve   : +   (no shield)
Res.Poison: +       Res.Corr.  : .   C - +2 wizard hat {MR}
Res.Elec. : .       Clarity    : .   R - +1 ratskin cloak {rPois rN+ Dex-1 Int-1}
Sust.Abil.: . .     Spirit.Shd : .   s - +1 pair of gloves of Cowardice {rF+ Dex+3}
Res.Mut.  : .       Stasis     : .   S - +0 pair of boots
Res.Rott. : .       Ctrl.Telep.: .   i - amulet of conservation
Saprovore : . . .   Levitation : .   m - ring of ice Ctrl.Flight: .
                                     l - ring of see invisible

@: extremely resistant to hostile enchantments, stealthy
A: horns 1, AC +1, Str +1
a: Renounce Religion


You were on level 13 of the Dungeon.
You worshipped Vehumet.
Vehumet was exalted by your worship.
You were hungry.

You visited 4 branches of the dungeon, and saw 26 of its levels.
You also visited: Labyrinth, Sewer and Bailey.

You collected 2504 gold pieces.
You spent 1314 gold pieces at shops.

Inventory:

Hand weapons
 a - a +2,+2 dagger of venom (weapon)
Armour
 s - the +1 pair of gloves of Cowardice (worn) {rF+ Dex+3}
   (You bought it in a shop on level 7 of the Dungeon)

   It affects your dexterity (+3).
   It protects you from fire.
 y - a +2 orcish robe of magic resistance (worn)
 C - a +2 wizard hat of magic resistance (worn)
 R - the +1 ratskin cloak (worn) {rPois rN+ Dex-1 Int-1}
   (You found it on level 6 of the Lair of Beasts)

   It affects your intelligence (-1).
   It affects your dexterity (-1).
   It protects you from poison.
   It protects you from negative energy.
 S - a +0 pair of boots (worn)
Magical devices
 e - a wand of digging (1)
 g - a wand of heal wounds (6)
 u - a wand of lightning (6)
 w - a wand of invisibility (6)
 x - a wand of enslavement (18)
 z - a wand of paralysis (6)
 G - a wand of draining (4)
 L - a wand of teleportation (4)
Comestibles
 q - a bread ration
 A - 13 strawberries
 M - 2 meat rations
Scrolls
 c - 5 scrolls of teleportation
 h - 7 scrolls of remove curse
 r - a scroll of enchant armour
 F - 3 scrolls of fear
 N - a scroll of recharging
Jewellery
 i - an amulet of conservation (around neck)
 l - a ring of see invisible (left hand)
 m - a ring of ice (right hand)
 p - an uncursed amulet of faith
 B - an uncursed ring of sustain abilities
 H - an uncursed amulet of rage
 P - an uncursed ring of teleportation
Potions
 d - a potion of brilliance
 j - a potion of speed
 k - a potion of levitation
 o - 2 potions of heal wounds
 v - 4 potions of curing
 D - 2 potions of mutation
 E - a potion of berserk rage
 I - a potion of might
 O - a potion of restore abilities
Books
 f - a manual of Staves
 Q - a book of Annihilations WARNING: If you fail in an attempt to memorise a spell from this book, the book will lash out at you.

   Spells                             Type                      Level
   Poison Arrow                       Conjuration/Poison           6
   *Orb of Destruction                Conjuration                  7
   Chain Lightning                    Conjuration/Air              8
   Lehudib's Crystal Spear            Conjuration/Earth            8
   Ice Storm                          Conjuration/Ice              9
   Fire Storm                         Conjuration/Fire             9
Magical staves
 n - an uncursed staff of wizardry
Miscellaneous
 J - a legendary deck of wonders
 K - a lantern of shadows
Rods
 b - a -1 rod of destruction [ice] (14/14)
   (You found it on level 6 of the Lair of Beasts)


   Skills:
 - Level 8.5 Fighting
 - Level 1.0 Short Blades
 - Level 10.1 Dodging
 - Level 2.4 Stealth
 - Level 7.0 Stabbing
 - Level 8.6 Traps & Doors
 - Level 15.1 Spellcasting
 + Level 15.2 Conjurations
 - Level 11.0 Charms
 - Level 5.4 Transmutations
 - Level 14.1 Ice Magic
 - Level 5.3 Earth Magic


You had 9 spell levels left.
You knew the following spells:

 Your Spells              Type           Power        Failure   Level  Hunger
b - Orb of Destruction    Conj           #######...   1%          7    ######.
c - Petrify               Trmt/Erth      ######...    4%          4    None
d - Dig                   Trmt/Erth      ######...    4%          4    None
e - Ensorcelled Hibernat  Hex/Ice        #######      1%          2    None
f - Bolt of Cold          Conj/Ice       ########..   1%          6    #####..
g - Freezing Cloud        Conj/Ice/Air   ########..   3%          6    #####..
h - Haste                 Chrm           #######..    8%          6    #####..


Dungeon Overview and Level Annotations

Branches:
Dungeon (13/27)            Temple (1/1) D:5             Orc (4/4) D:7
    Elf (0/3) Orc:3          Lair (8/8) D:11         Shoals (0/5) Lair:3
 Spider (0/5) Lair:6        Slime (0/6) Lair:7

Altars:
Ashenzari
Cheibriados
Elyvilon
Fedhas
Kikubaaqudgha
Makhleb
Nemelex Xobeh
Okawaru
Sif Muna
Trog
Vehumet
Xom
the Shining One
Beogh
Jiyva

Shops:
D:5: [ D:7: [ Orc:2: % Orc:4: =/!/

Portals:
Ziggurat: D:11 (3330 gp)
Trove: D:13 (show abyssal rune of Zot)


Innate Abilities, Weirdness & Mutations

You have a pair of small horns on your head.
You are partially covered in molten scales (AC +1).
Your muscles are strong (Str +1).


Message History

You feel a surge of power!
The bolt of cold hits the hill giant.
The hill giant is heavily wounded.
The hill giant hits you with a great mace!
Unknown command.
Casting: Bolt of Cold
Confirm with . or Enter, or press ? or * to list all spells.
Aiming: Ensorcelled Hibernation
Press: ? - help, Shift-Dir - straight line, f/p - hill giant
Aim: a hill giant, wielding a great mace (heavily wounded)
You feel a surge of power!
The hill giant struggles to resist.
The hill giant hits you with a great mace!
Casting: Ensorcelled Hibernation
Confirm with . or Enter, or press ? or * to list all spells.
Aiming: Ensorcelled Hibernation
Press: ? - help, Shift-Dir - straight line, f/p - hill giant
Aim: a hill giant, wielding a great mace (heavily wounded)
You feel a surge of power!
The hill giant easily resists.
You see here a giant club.
The hill giant hits you with a great mace!
You die...

........................).)...#
#.#############.###############
#.# #.# #.# #[# #.# #.# #.# #)#
#.# #)# #.## #C##
#..############.@################
.................................
#................................
.............P.%.................
##.....).........................
##...........................≈≈≈
#.......................≈≈≈.≈≈≈
####.##................≈≈≈≈≈###'
#.:### #.............≈≈≈≈≈≈≈#...


You could see a hill giant.

Vanquished Creatures
  A frost giant (D:13)
  Gastronok (Orc:1)
  A minotaur (Lab)
  Fannar (Lair:2)
  Erica (Lair:3)
  Harold (Orc:3)
  7 hydras
  A ravenous item mimic (Lair:8)
  A ravenous feature mimic (Lair:8)
  4 ogre magi (Orc:4)
  3 death yaks (Lair:5)
  Nergalle (Orc:3)
  The ghost of Lightli the Slicer, an experienced KoSt of Trog (Bailey)
  The ghost of Lightli the Thaumaturge, an experienced DESt of Vehumet (D:9)
  An unseen horror (D:11)
  17 hill giants
  Joseph (Orc:1)
  An orc knight (Bailey)
  A griffon (Lair:8)
  Maurice (D:10)
  4 cyclopes
  An oklob plant (D:13)
  5 black mambas
  2 elephant slugs
  11 spiny frogs
  13 elephants
  A spriggan druid (Lair:8)
  6 ugly things (D:13)
  A komodo dragon (Lair:2)
  6 spriggans (Lair:8)
  6 wandering mushrooms (Lair:4)
  17 two-headed ogres
  5 trolls
  6 grizzly bears (Lair:8)
  A trapdoor spider simulacrum (D:10)
  4 basilisks
  15 blink frogs (Lair:3)
  A giant firefly (Lair:8)
  A wraith (D:10)
  A deep dwarf artificer (D:9)
  A wyvern (Lair:7)
  22 yaks
  5 sharks
  8 hippogriffs
  3 hungry ghosts
  Eustachio (D:6)
  2 fire drakes
  Grum (D:13)
  5 war dogs
  A soldier ant (D:13)
  A redback (Lair:6)
  4 swamp worms (D:13)
  A trapdoor spider (D:13)
  A necrophage (D:8)
  4 molten gargoyles (D:9)
  A cyclops zombie (D:9)
  31 orc warriors
  Purgy (Sewer)
  3 black bears (Lair:8)
  2 yellow wasps
  10 giant goldfish
  8 ice beasts
  2 sky beasts
  33 ogres
  3 boring beetles
  6 centaurs
  Sigmund (D:7)
  Duvessa (D:4)
  13 crocodiles
  A warg (D:13)
  25 wolves
  4 giant slugs
  11 giant frogs
  3 big kobolds
  A basilisk zombie (D:12)
  5 agate snails
  A gnoll sergeant (D:8)
  6 water moccasins
  A basilisk skeleton (D:10)
  An eye of draining (D:13)
  9 killer bees
  11 jellyfish
  A killer bee zombie (D:10)
  5 electric eels
  2 vampire bats (D:4)
  5 wights (D:10)
  6 goliath beetles
  2 shadows
  Dowan (D:4)
  2 big fish (D:10)
  8 crimson imps
  A big kobold skeleton (D:12)
  8 hounds
  23 orc priests
  Crazy Yiuf (D:3)
  A quasit (D:9)
  3 scorpions
  7 iguanas
  21 orc wizards
  10 porcupines
  A killer bee simulacrum (D:10)
  13 sheep
  4 worker ants
  Ijyb (D:5)
  Jessica (D:3)
  3 jellies
  Terence (D:3)
  2 mummies
  52 green rats
  16 adders
  9 giant centipedes
  11 gnolls (D:8)
  An adder zombie (D:5)
  A giant centipede zombie (D:11)
  A giant mite (Lair:3)
  4 white imps (D:10)
  An adder skeleton (D:8)
  19 worms
  2 ufetubi (D:10)
  2 grey rats (D:3)
  6 giant geckos
  165 orcs
  36 bats
  4 giant cockroaches
  22 hobgoblins
  6 jackals
  10 quokkas
  5 ball pythons
  11 giant newts
  A giant spore (D:9)
  23 goblins
  33 kobolds
  An orc skeleton (D:3)
  27 rats
  6 ballistomycetes
  A bush (Lair:6)
  3 fungi
  A plant (Lair:8)
  20 toadstools
1041 creatures vanquished.

Vanquished Creatures (collateral kills)
  2 orc priests (D:8)
  A scorpion (D:7)
  A giant spore (D:7)
4 creatures vanquished.

Vanquished Creatures (others)
  2 wolves (Lair:8)
  A water moccasin (Lair:8)
  2 hounds
  A worker ant (D:13)
  A green rat (Lair:2)
  An orc (D:9)
  A jackal (D:8)
  2 giant spores
  4 kobolds
  2 rats
  A ballistomycete (D:13)
  9 fungi
  2 plants
  89 toadstools
118 creatures vanquished.

Grand Total: 1163 creatures vanquished

Notes
Turn   | Place    | Note
--------------------------------------------------------------
     0 | D:1      | Lightli, the Deep Elf Stalker, began the quest for the Orb.
     0 | D:1      | Reached XP level 1. HP: 12/12 MP: 2/2
   286 | D:1      | Reached XP level 2. HP: 13/16 MP: 5/5
   448 | D:1      | Reached skill level 3 in Transmutations
   917 | D:2      | Reached XP level 3. HP: 20/20 MP: 7/7
  1145 | D:2      | Reached skill level 4 in Transmutations
  1285 | D:2      | Learned a level 2 spell: Evaporate
  1389 | D:3      | Found a sparkling altar of Nemelex Xobeh.
  1398 | D:3      | Noticed Jessica
  1410 | D:3      | Killed Jessica
  1410 | D:3      | Reached XP level 4. HP: 11/25 MP: 10/10
  1760 | D:3      | Learned a level 4 spell: Petrify
  1761 | D:3      | Found a glowing drain.
  1774 | Sewer    | Entered a sewer
  1920 | Sewer    | Gained mutation: Your muscles are strong (Str +1). [potion of gain strength]
  1942 | Sewer    | HP: 1/25 [poisoned by an adder]
  2151 | Sewer    | Noticed Purgy
  2154 | Sewer    | Killed Purgy
  2154 | Sewer    | Reached skill level 5 in Transmutations
  2154 | Sewer    | Reached XP level 5. HP: 29/29 MP: 7/12
  2360 | D:3      | Noticed Crazy Yiuf
  2377 | D:3      | Killed Crazy Yiuf
  2549 | D:3      | Noticed Terence
  2561 | D:3      | Killed Terence
  3025 | D:3      | Reached XP level 6. HP: 28/34 MP: 15/15
  3796 | D:4      | Noticed Dowan
  3814 | D:4      | Noticed Duvessa
  3876 | D:4      | Killed Duvessa
  4311 | D:4      | Killed Dowan
  4659 | D:4      | Reached skill level 5 in Earth Magic
  4967 | D:4      | Reached XP level 7. HP: 38/38 MP: 14/18
  5594 | D:5      | Entered Level 5 of the Dungeon
  6029 | D:5      | Noticed Ijyb
  6048 | D:5      | Killed Ijyb
  6410 | D:5      | Found a staircase to the Ecumenical Temple.
  6426 | Temple   | Entered the Ecumenical Temple
  6494 | Temple   | Became a worshipper of Vehumet
  6514 | D:5      | Found Mnarchesu's Antique Armour Shop.
  6589 | D:5      | Reached skill level 5 in Dodging
  6845 | D:6      | Reached skill level 6 in Dodging
  6985 | D:6      | Got a colourful book
  6986 | D:6      | Identified the Tome of Fetching Shape Shifting (You found it on level 6 of the Dungeon)
  6991 | D:6      | Noticed Eustachio
  7045 | D:6      | Reached XP level 8. HP: 41/43 MP: 14/19
  7053 | D:6      | Reached skill level 7 in Dodging
  7149 | D:6      | Killed Eustachio
  7369 | D:6      | Acquired Vehumet's first power
  7692 | D:7      | Noticed Sigmund
  7711 | D:7      | Killed Sigmund
  7756 | D:7      | Reached skill level 5 in Spellcasting
  8107 | D:7      | Found Daneasil's Armour Shoppe.
  8108 | D:7      | Found a staircase to the Orcish Mines.
  8188 | D:7      | Reached XP level 9. HP: 28/47 MP: 20/25
  8323 | D:8      | Acquired Vehumet's second power
  8484 | D:8      | Reached skill level 8 in Spellcasting
  9816 | D:8      | Acquired Vehumet's third power
 11073 | D:8      | Reached skill level 1 in Fighting
 11088 | D:8      | Learned a level 4 spell: Dig
 11502 | D:9      | Acquired Vehumet's fourth power
 12266 | D:9      | Reached XP level 10. HP: 56/56 MP: 13/28
 12353 | D:9      | Noticed Lightli's ghost (experienced DESt)
 12408 | D:9      | Killed Lightli's ghost
 12408 | D:9      | Reached skill level 5 in Fighting
 12675 | D:7      | Bought the +1 pair of gloves of Cowardice {rF+ Dex+3} for 463 gold pieces
 13115 | D:10     | Entered Level 10 of the Dungeon
 13258 | D:10     | Reached skill level 9 in Spellcasting
 13408 | D:10     | Gained mutation: You have a pair of small horns on your head. [mutagenic meat]
 13409 | D:10     | Gained mutation: You are partially covered in molten scales (AC +1). [mutagenic meat]
 13654 | D:10     | Noticed Maurice
 13682 | D:10     | Killed Maurice
 13682 | D:10     | Reached skill level 10 in Spellcasting
 14295 | D:10     | Reached skill level 10 in Dodging
 15062 | D:11     | Found a staircase to the Lair.
 15572 | D:11     | Reached XP level 11. HP: 48/64 MP: 20/31
 15793 | D:10     | Learned a level 2 spell: Ensorcelled Hibernation
 15826 | D:11     | Noticed a hill giant
 15857 | D:10     | Reached skill level 1 in Ice Magic
 16261 | D:11     | Found a gateway to a ziggurat.
 16405 | D:11     | Noticed an unseen horror
 16415 | D:11     | Killed an unseen horror
 17003 | D:11     | Killed a hill giant
 17003 | D:11     | Reached skill level 5 in Ice Magic
 17104 | Lair:1   | Entered Level 1 of the Lair of Beasts
 18198 | Lair:2   | Noticed Fannar
 18226 | Lair:2   | Found a labyrinth entrance.
 18230 | Lab      | Entered a labyrinth
 18575 | Lab      | Noticed a minotaur
 18755 | Lab      | Killed a minotaur
 18791 | Lab      | Got a steaming turquoise ring
 18796 | Lab      | Identified the ring of Sus Ifup {Dex+2 Int-4} (You found it in a labyrinth)
 19133 | Lair:2   | Reached skill level 10 in Ice Magic
 19165 | Lair:2   | HP: 1/64 [elephant (14)]
 19961 | Lair:3   | Found a staircase to the Shoals.
 20037 | Lair:3   | Noticed Erica
 20054 | Lair:3   | Killed Erica
 20054 | Lair:3   | Reached skill level 11 in Ice Magic
 20112 | Lair:3   | Noticed a four-headed hydra
 20188 | Lair:3   | Killed a four-headed hydra
 20188 | Lair:3   | Reached skill level 12 in Ice Magic
 20188 | Lair:3   | Reached XP level 12. HP: 7/70 MP: 22/32
 20607 | Lair:3   | Reached skill level 5 in Stabbing
 20886 | Lair:3   | Noticed a seven-headed hydra
 21055 | Lair:3   | Reached skill level 13 in Ice Magic
 21060 | Lair:3   | Received a gift from Vehumet
 21307 | Lair:2   | Learned a level 6 spell: Bolt of Cold
 21343 | Lair:2   | Reached skill level 1 in Conjurations
 21854 | Lair:3   | Got a crude robe
 21861 | Lair:3   | Identified the +0 robe "Esizuwk" (You found it on level 3 of the Lair of Beasts)
 22066 | Lair:4   | Reached skill level 5 in Conjurations
 22139 | Lair:4   | Noticed a five-headed hydra
 22314 | Lair:4   | Killed a five-headed hydra
 22548 | Lair:4   | Found a deep blue altar of Sif Muna.
 22794 | Lair:4   | Learned a level 6 spell: Freezing Cloud
 23038 | Lair:4   | Noticed a seven-headed hydra
 23046 | Lair:4   | Killed a seven-headed hydra
 23221 | Lair:5   | Noticed a death yak
 23221 | Lair:5   | Noticed a death yak
 23227 | Lair:5   | Noticed a death yak
 23230 | Lair:5   | Killed a death yak
 23230 | Lair:5   | Killed a death yak
 23230 | Lair:5   | Reached skill level 10 in Conjurations
 23231 | Lair:5   | Killed a death yak
 23437 | Lair:5   | Reached XP level 13. HP: 72/75 MP: 23/33
 23703 | Lair:5   | Got a black book
 23704 | Lair:5   | Identified the Almanac of Confrontation and the Blaze (You found it on level 5 of the Lair of Beasts)
 24108 | Lair:5   | Found a shimmering altar of Xom.
 24109 | Lair:5   | Received a gift from Vehumet
 24729 | Lair:6   | Noticed a four-headed hydra
 24731 | Lair:6   | Noticed a four-headed hydra
 24744 | Lair:6   | Killed a four-headed hydra
 24745 | Lair:6   | Killed a four-headed hydra
 24890 | Lair:6   | Identified a -1 rod of destruction [ice] (14/14) (You found it on level 6 of the Lair of Beasts)
 24900 | Lair:6   | Found a hole to the Spider Nest.
 25802 | Lair:7   | Found a viscous altar of Jiyva.
 25803 | Lair:7   | Found a staircase to the Slime Pits.
 26404 | Lair:8   | Entered Level 8 of the Lair of Beasts
 27636 | Lair:2   | Learned a level 3 spell: Poison Weapon
 27786 | Lair:5   | Learned a level 7 spell: Orb of Destruction
 27929 | Lair:8   | Reached skill level 1 in Charms
 28290 | Lair:8   | Reached skill level 5 in Charms
 28319 | Lair:8   | Learned a level 6 spell: Haste
 28608 | Lair:8   | Received a gift from Vehumet
 28708 | Lair:8   | Noticed a five-headed hydra
 28711 | Lair:8   | Killed a five-headed hydra
 29085 | Lair:8   | Reached skill level 10 in Charms
 29203 | Lair:8   | Noticed an eight-headed hydra
 29206 | Lair:8   | Killed an eight-headed hydra
 30096 | Lair:7   | Reached XP level 14. HP: 67/80 MP: 32/36
 30552 | Lair:2   | Killed Fannar
 31273 | D:11     | Noticed a hill giant
 31275 | D:11     | Killed a hill giant
 32469 | Orc:1    | Entered Level 1 of the Orcish Mines
 32492 | Orc:2    | Found Mnong's Food Emporium.
 32492 | Orc:2    | Found a flagged portal.
 32534 | Bailey   | Entered a bailey
 32589 | Bailey   | Noticed Lightli's ghost (experienced KoSt)
 32592 | Bailey   | Killed Lightli's ghost
 32592 | Bailey   | Reached skill level 14 in Ice Magic
 32922 | Bailey   | Received a gift from Vehumet
 32937 | Bailey   | HP: 1/80 [orc warrior/ bolt (16)]
 33412 | Orc:2    | Bought a pear for 11 gold pieces
 33728 | Orc:2    | Found a roughly hewn altar of Beogh.
 33821 | Orc:2    | Reached skill level 1 in Traps & Doors
 34182 | Orc:3    | Noticed Nergalle
 34185 | Orc:3    | Killed Nergalle
 34237 | Orc:3    | Noticed Harold
 34245 | Orc:3    | Killed Harold
 34288 | Orc:3    | Found a staircase to the Elven Halls.
 34424 | Orc:3    | Received a gift from Vehumet
 34667 | Orc:4    | Entered Level 4 of the Orcish Mines
 35270 | Orc:4    | Reached skill level 5 in Traps & Doors
 35657 | Orc:4    | Found Xuel's Jewellery Boutique.
 35657 | Orc:4    | Found Utanel's Distillery.
 35657 | Orc:4    | Found Plog's Magical Wand Emporium.
 35657 | Orc:4    | Found Idaufu Thrups' Magical Wand Shop.
 35726 | Orc:4    | Bought a wand of heal wounds (6) for 840 gold pieces
 37026 | Orc:1    | Noticed Gastronok
 37041 | Orc:1    | Noticed Joseph
 37045 | Orc:1    | Killed Joseph
 37045 | Orc:1    | Killed Gastronok
 37716 | D:13     | Reached skill level 15 in Spellcasting
 38433 | D:13     | Found a portal to a secret trove of treasure.
 38511 | D:13     | Noticed Grum
 38513 | D:13     | Killed Grum
 38841 | D:13     | Reached XP level 15. HP: 85/85 MP: 36/38
 39227 | D:13     | Noticed a frost giant
 39729 | D:13     | Killed a frost giant
 39908 | D:13     | Reached skill level 15 in Conjurations
 40230 | D:13     | Slain by a hill giant
